 Dungeon Crawl Stone Soup version 0.28.0-53-g5a82cb258f (webtiles) character file.

Game seed: 17904436361677675289

29 Sin92 the Skirmisher (level 3, -15/29 HPs)
             Began as a Demonspawn Fighter on June 16, 2022.
             Killed by divine providence
             ... invoked by an orc priest
              (16 damage)
             ... on level 2 of the Dungeon.
             The game lasted 00:02:00 (892 turns).

Sin92 the Skirmisher (Demonspawn Fighter)            Turns: 892, Time: 00:02:01

Health: -15/29     AC:  6    Str: 22    XL:     3   Next: 1%
Magic:  3/3        EV:  9    Int:  9    God:
Gold:   11         SH:  5    Dex: 14    Spells: 2/2 levels left

rFire   + . .      SeeInvis .   a - +0 war axe
rCold   . . .      Faith    .   c - +0 buckler
rNeg    . . .      Spirit   .   b - +0 scale mail
rPois   .          Reflect  .   (no helmet)
rElec   .          Harm     .   (no cloak)
rCorr   .          Rampage  .   (no gloves)
Will    .....                   (no boots)
Stlth   ..........              (no amulet)
HPRegen 0.09/turn               e - +6 ring of strength
MPRegen 0.16/turn               g - ring of protection from fire

@: lethally poisoned (-15 -> -20)
A: magic regeneration, weakness stinger 1
a: no special abilities


You were on level 2 of the Dungeon.
You visited 1 branch of the dungeon, and saw 2 of its levels.

You collected 11 gold pieces.

Inventory:

Hand Weapons
 a - a +0 war axe (weapon)
Armour
 b - a +0 scale mail (worn)
 c - a +0 buckler (worn)
Jewellery
 e - a +6 ring of strength (left hand)
 g - a ring of protection from fire (right hand)
Potions
 d - a potion of might
 f - a potion of experience {unknown}
 h - a potion of lignification {unknown}


   Skills:
 + Level 3.2 Fighting
 + Level 2.1 Axes
 + Level 2.9 Armour
 + Level 0.8 Dodging
 + Level 3.0 Shields


You had 2 spell levels left.
You didn't know any spells.
Your spell library was empty.

Dungeon Overview and Level Annotations

Branches:
Dungeon (2/15)

Altars:


Innate Abilities, Weirdness & Mutations

You regenerate magic rapidly.
You have a small tail.


Message History

There are monsters nearby!
An orc priest comes into view. It is wielding a +0 club.
Found a stone staircase leading down.
The orc priest shouts!
You block the orc's attack.
There is an open door here.
There are monsters nearby!
You barely miss the orc. You completely miss the orc. You closely miss the orc.
The orc hits you but does no damage. The orc hits you with a +0 whip.
The orc completely misses you. The orc hits you but does no damage.
The orc priest looks satisfied for a moment.
The orc misses you.
You completely miss the orc. You hit the orc but do no damage. You hit the orc.
The orc hits you with a +0 flail of venom.
You are poisoned.
The orc hits you with a +0 war axe! The orc barely misses you.
Unknown command.
You hit the orc but do no damage.
The orc is severely wounded.
You hit the orc. x2
You feel very sick. The orc closely misses you.
The orc hits you with a +0 war axe!
* * * LOW HITPOINT WARNING * * *
You block the orc's attack. x2; The orc closely misses you.
You are too injured to fight recklessly!
Unknown command.
You are too injured to fight recklessly!
Unknown command.
You are too injured to fight recklessly!
You hit the orc but do no damage.
The orc is severely wounded.
You closely miss the orc. You slash the orc!
You kill the orc!
* * * LOW HITPOINT WARNING * * *
You feel very sick. The orc barely misses you.
The orc priest calls down the wrath of Beogh upon you.
Beogh smites you!
Ouch! That really hurt!
You die...

#.....#
#.###..##
#...#####.##
#.###...........
#......#####.##
#####.## #.# #.#
#@#


#ooo# #.....# #...o...# #......>..# .'.........+ ###.........# ##..>....## You
could see an orc priest and 3 orcs.

Vanquished Creatures
  A dart slug (D:1)
  An orc (D:2)
  4 bats
  3 endoplasms
  2 giant cockroaches (D:1)
  3 goblins
  3 hobgoblins
  2 jackals (D:1)
  A quokka (D:2)
  3 ball pythons (D:1)
  A kobold (D:1)
24 creatures vanquished.

Notes
Turn   | Place    | Note
-------+----------+-------------------------------------------
     0 | D:1      | Sin92 the Demonspawn Fighter began the quest for the Orb.
     0 | D:1      | Reached XP level 1. HP: 18/18 MP: 1/1
   255 | D:1      | Gained mutation: You regenerate magic rapidly. [demonic
                  | ancestry]
   255 | D:1      | Reached XP level 2. HP: 24/24 MP: 2/2
   860 | D:2      | Gained mutation: You have a small tail. [demonic ancestry]
   860 | D:2      | Reached XP level 3. HP: 28/29 MP: 3/3
   892 | D:2      | HP: 1/29 [poisoned by an orc]
   892 | D:2      | Killed from afar by an orc priest

Illustrated notes

Levels and vault maps discovered:
D:1:      amcnicky_arrival_flooded_fountain, layout_loops_ring
D:2:      layout_loops_corners, basic_altar, serial_glass, glass_columns_a,
          glass_columns_a, glass_columns_a

Skill      XL: |  1  2  3 |
---------------+----------+-----
Axes           | 2 |  2.1
Shields        | 3 |  3.0
Fighting       | |  3.2
Armour         | |  2.9
Dodging        | |  0.8

Action                   || total
-------------------------++-------
Melee: War axe           ||    63
       Tailslap          ||     2
  Use: Scroll            ||     1
Armor: Scale mail        ||    38
Dodge: Dodged            ||    37
Block: Buckler           ||    26
